 Dungeon Crawl Stone Soup version 0.30-a0-241-g1121274140 (webtiles) character file.

Game seed: 6167952464992625031

11 KennySheep the Conjurer (level 2, 0/22 HPs)
             Began as a Demigod Conjurer on Oct 10, 2022.
             Slain by a goblin
             ... wielding a +0 club
              (3 damage)
             ... on level 1 of the Dungeon.
             The game lasted 00:01:38 (292 turns).

KennySheep the Conjurer (Demigod Conjurer)           Turns: 292, Time: 00:01:38

Health: 0/22       AC:  2    Str:  8    XL:     2   Next: 3%
Magic:  0/7        EV: 12    Int: 20    God:
Gold:   0          SH:  0    Dex: 12    Spells: 3/4 levels left

rFire   . . .      SeeInvis .    (no weapon)
rCold   . . .      Faith    .    (no shield)
rNeg    . . .      Spirit   .    a - +0 robe
rPois   .          Reflect  .    (no helmet)
rElec   .          Harm     .    (no cloak)
rCorr   .          Rampage  .    (no gloves)
Will    .....                    (no boots)
Stlth   ++........               (no amulet)
HPRegen 0.23/turn                (no ring)
MPRegen 0.10/turn                (no ring)

@: no status effects
A: high MP 1, forlorn, divine attributes
a: no special abilities


You were on level 1 of the Dungeon.
You visited 1 branch of the dungeon, and saw 1 of its levels.

Inventory:

Armour
 a - a +0 robe (worn)
Potions
 b - a potion of magic


   Skills:
 + Level 0.4 Fighting
 + Level 2.0 Dodging
 - Level 1.7 Stealth
 + Level 0.0 Unarmed Combat
 + Level 1.9 Spellcasting
 + Level 3.7 Conjurations
 * Level 0.4 Translocations


You had 3 spell levels left.
You knew the following spells:

 Your Spells              Type           Power      Damage    Failure   Level
a - Magic Dart            Conj           64%        1d6       3%          1

Your spell library contained the following spells:

 Spells                   Type           Power      Damage    Failure   Level
 Searing Ray              Conj           32%        2d5       5%          2
 Blink                    Tloc           6%         N/A       21%         2
 Dazzling Flash           Conj/Hex       18%        N/A       22%         3
 Iskenderun's Mystic Bla  Conj/Tloc      10%        2d4       56%         4
 Fulminant Prism          Conj/Hex       4%         3d6       58%         4
 Manifold Assault         Tloc           3%         N/A       78%         4
 Storm Form               Tmut/Air       0%         N/A       100%        7


Dungeon Overview and Level Annotations

Branches:
Dungeon (1/15)


Innate Abilities, Weirdness & Mutations

You have an increased reservoir of magic. (+10% MP)
You shall have no god before yourself.
Your divine heritage dramatically boosts your attributes as you level up.


Message History

The hobgoblin is severely wounded.
An endoplasm comes into view.
The magic dart hits the hobgoblin.
You kill the hobgoblin!
The endoplasm quivers.
A frilled lizard comes into view.
The magic dart hits the quokka but does no damage.
The magic dart hits the quokka but does no damage.
A goblin comes into view. It is wielding a +0 club.
You are out of magic!
You barely miss the quokka. The quokka misses you.
The quokka barely misses you.
You closely miss the quokka. The quokka bites you.
The quokka attacks as you move away! The quokka bites you.
The quokka twitches its whiskers.
The quokka closely misses you. The quokka attacks as you move away!
The quokka bites you.
There is an open door here.
The quokka bites you but does no damage.
You barely miss the quokka. The quokka bites you.
You hit the quokka but do no damage.
The quokka bites you but does no damage.
You hit the quokka but do no damage. The quokka barely misses you.
You closely miss the quokka. The quokka closely misses you.
The frilled lizard unfolds its giant frill.
You hit the quokka.
The quokka is lightly wounded.
The quokka bites you. x2
* * * LOW HITPOINT WARNING * * *
The magic dart hits the quokka.
You kill the quokka!
Your Dodging skill increases to level 2!
You have reached level 2!
The magic dart hits the frilled lizard.
You kill the frilled lizard!
The goblin hits you with a +0 club.
* * * LOW HITPOINT WARNING * * *
There is a stone staircase leading down here.
The goblin hits you with a +0 club.
You die...

..###.....###.##
...g.l....# #.#
...####.#.#
#.####### ...
#.#.###........
...
#.#....########
... ...####†######
#.. ##..........#
.## ...
#..........# ...
..g +......Jg@.#
#.#
#..........#####.#
#................#
#................#
#................#
#................#
#................#
...............##
..............#


You could see an endoplasm and a goblin.

Vanquished Creatures
  A bat (D:1)
  An endoplasm (D:1)
  2 giant cockroaches (D:1)
  2 hobgoblins (D:1)
  A quokka (D:1)
  A frilled lizard (D:1)
  A rat (D:1)
9 creatures vanquished.

Notes
Turn   | Place    | Note
-------+----------+-------------------------------------------
     0 | D:1      | KennySheep the Demigod Conjurer began the quest for the
                  | Orb.
     0 | D:1      | Reached XP level 1. HP: 14/14 MP: 5/5
   287 | D:1      | Reached XP level 2. HP: 3/22 MP: 1/7
   292 | D:1      | Slain by a goblin

Illustrated notes

Levels and vault maps discovered:
D:1:      dpeg_arrival_more_subterranean_lakeside_camping, layout_basic

Skill      XL: |  1 |
---------------+----+-----
Dodging        | 2 |  2.0
Fighting       | |  0.4
Stealth        | |  1.7
Spellcasting   | |  1.9
Conjurations   | |  3.7
Translocations | |  0.4

Action                   || total
-------------------------++-------
Melee: Unarmed           ||     7
 Cast: Magic Dart        ||    22
Armor: Robe              ||     2
Dodge: Dodged            ||     8

Table legend: (Time is in decaauts)
 A = Elapsed time spent in this place.
 B = Non-inter-level travel time spent in this place.
 C = Inter-level travel time spent in this place.
 D = Time resting spent in this place.
 E = Time spent auto-exploring this place.
 F = Levels seen in this place.
 G = Mean time per level.
                   A        B        C        D        E       F      G
               +--------+--------+--------+--------+--------+-----+--------+
         Total |    292 |    292 |      0 |     31 |    201 |   1 |  292.0 |
       Dungeon |    292 |    292 |      0 |     31 |    201 |   1 |  292.0 |
               +--------+--------+--------+--------+--------+-----+--------+

Top non-repeatable levels by time:
     D:1: 292 daAuts
